 Dungeon Crawl Stone Soup version 0.23.2-40-g277498a001 (webtiles) character file.

Game seed: 4293903661302281131

31 FishyPogo the Firebug (level 3, -3/26 HPs)
             Began as a Draconian Fire Elementalist on Oct 20, 2019.
             Slain by Natasha (4 damage)
             ... on level 2 of the Dungeon.
             The game lasted 00:03:24 (956 turns).

FishyPogo the Firebug (Draconian Fire Elementalist)  Turns: 956, Time: 00:03:25

Health: -3/26      AC:  5    Str: 10    XL:     3   Next: 7%
Magic:  0/6        EV: 12    Int: 16    God:
Gold:   52         SH:  0    Dex: 11    Spells: 2/6 levels left

rFire    . . .     SeeInvis .   (no weapon)
rCold    . . .     Gourm    .   (no shield)
rNeg     . . .     Faith    .   (armour unavailable)
rPois    .         Spirit   .   (helmet restricted)
rElec    .         Reflect  .   (no cloak)
rCorr    .         Harm     .   (no gloves)
MR       .....                  (no boots)
Stlth    ++........             (no amulet)
HPRegen  0.08/turn              (no ring)
MPRegen  0.10/turn              (no ring)

@: very slightly contaminated, slowed, very slow
A: unfitting armour, cold-blooded, AC +5
a: no special abilities


You were on level 2 of the Dungeon.
You were hungry.

You visited 1 branch of the dungeon, and saw 2 of its levels.

You collected 52 gold pieces.

Inventory:

Missiles
 e - 40 stones (quivered)
Scrolls
 c - a scroll of blinking {unknown}
 d - a scroll of remove curse {unknown}
 g - a scroll of identify {unknown}
 h - a scroll of enchant armour {unknown}
Potions
 a - 4 potions of might {unknown}
 f - a potion of ambrosia {unknown}
Comestibles
 b - 4 rations


   Skills:
 + Level 2.0 Dodging
 - Level 2.0 Stealth
 + Level 2.2 Spellcasting
 * Level 2.0 Conjurations
 + Level 3.2 Fire Magic


You had 2 spell levels left.
You knew the following spells:

 Your Spells              Type           Power        Failure   Level  Hunger
a - Flame Tongue          Conj/Fire      ##...        7%          1    #......
c - Conjure Flame         Conj/Fire      ##......     21%         3    ###....

Your spell library contained the following spells:

 Spells                   Type           Power        Failure   Level  Hunger
 Throw Flame              Conj/Fire      ##....       11%         2    ###....
 Inner Flame              Hex/Fire       #.......     30%         3    ###....
 Sticky Flame             Conj/Fire      ##......     56%         4    #####..
 Fireball                 Conj/Fire      ##........   88%         5    ######.


Dungeon Overview and Level Annotations

Branches:
Dungeon (2/15)

Altars:

Annotations:
D:2 Natasha


Innate Abilities, Weirdness & Mutations

Your plain brown scales are hard. (AC +5)
You cannot fit into any form of body armour.
You are cold-blooded and may be slowed by cold attacks.


Message History

Natasha claws you.
You closely miss Natasha.
Natasha is heavily wounded.
Natasha claws you. x2
* * * LOW HITPOINT WARNING * * *
You hit Natasha but do no damage.
Natasha is moderately wounded.
Natasha completely misses you.
You barely miss Natasha.
Natasha is moderately wounded.
Natasha claws you.
* * * LOW HITPOINT WARNING * * *
Natasha barely misses you.
Casting: Flame Tongue (safe; 7% risk of failure)
Confirm with . or Enter, or press ? or * to list all spells.
Aiming: Flame Tongue (safe; 7% risk of failure)
Press: ? - help, Shift-Dir - straight line, f/p - Natasha
Aim: Natasha (moderately wounded)
The flame tongue misses Natasha.
Natasha claws you.
You die...

###.#....#..#
#.#......##
.# #...#.##
#####..?#
......#.##
###...h.#
.......#..#
#...#####
..##...##.##
##.### ..
#... #..#
#..# ####
##.# #.##
#@###.#
#h##.>#
#.#..##
#...## #####


You could see Natasha.

Vanquished Creatures
  An ooze (D:2)
  2 dart slugs (D:1)
  A giant cockroach (D:1)
  3 goblins (D:1)
  3 hobgoblins (D:1)
  A ball python (D:1)
  5 bats (D:1)
  3 frilled lizards (D:1)
  2 kobolds (D:2)
  2 rats
23 creatures vanquished.

Notes
Turn   | Place    | Note
-------+----------+-------------------------------------------
     0 | D:1      | FishyPogo the Draconian Fire Elementalist began the quest
                  | for the Orb.
     0 | D:1      | Reached XP level 1. HP: 14/14 MP: 3/3
   181 | D:1      | Reached XP level 2. HP: 11/20 MP: 0/5
   819 | D:1      | Reached XP level 3. HP: 19/26 MP: 2/6
   919 | D:2      | Noticed Natasha
   926 | D:2      | Learned a level 3 spell: Conjure Flame
   955 | D:2      | HP: 1/26 [Natasha (4)]
   956 | D:2      | Slain by Natasha

Skill      XL: |  1  2  3 |
---------------+----------+-----
Dodging        | 2 |  2.0
Stealth        | 2 |  2.0
Conjurations   | 2 |  2.0
Spellcasting   | |  2.2
Fire Magic     | |  3.2

Action                   || total
-------------------------++-------
Melee: Unarmed           ||    28
       Tailslap          ||     2
 Cast: Flame Tongue      ||    41
       Conjure Flame     ||     1
Armor: Skin              ||    10
Dodge: Dodged            ||    24
